 Dungeon Crawl Stone Soup version 0.29.1-15-g9cfb28693d (webtiles) character file.

Game seed: 15936372650576926859

524 javelincjr the Ducker (level 7, -2/52 HPs)
             Began as a Djinni Conjurer on Mar 22, 2023.
             Was an Initiate of Hepliaklqana.
             Slain by an orc
             ... wielding a +0 flail
              (7 damage)
             ... on level 4 of the Dungeon.
             The game lasted 00:15:26 (4838 turns).

javelincjr the Ducker (Djinni Conjurer)             Turns: 4838, Time: 00:15:26

Health: -2/52      AC:  9    Str:  8    XL:     7   Next: 46%
Gold:   199        EV: 12    Int: 19    God:    Hepliaklqana [......] SH:  0 Dex: 12

rFire   + + .      SeeInvis .   v - +1 dagger (venom)
rCold   x . .      Faith    .   (no shield)
rNeg    . . .      Spirit   .   o - +3 leather armour
rPois   ∞          Reflect  .   (no helmet)
rElec   .          Harm     .   i - +2 cloak
rCorr   .          Rampage  .   (no gloves)
Will    .....                   (boots unavailable)
Stlth   ++........              (no amulet)
HPRegen 0.17/turn               (no ring)
MPRegen 0.00/turn               (no ring)

@: flying
A: sickness immunity, fire resistance 2, cold vulnerability 1, float, innate
caster, HP casting, extra vitality 1
a: Renounce Religion


You were on level 4 of the Dungeon.
You worshipped Hepliaklqana.
Hepliaklqana was noncommittal.
You visited 2 branches of the dungeon, and saw 5 of its levels.

You collected 199 gold pieces.

Inventory:

Hand Weapons
 j - a +0 vorpal spear
 v - a +1 dagger of venom (weapon)
Armour
 i - a +2 cloak (worn)
 o - a +3 leather armour (worn)
 w - +0 steam dragon scales
 y - a +0 cloak of willpower
Wands
 A - a wand of flame (24)
Scrolls
 c - 6 scrolls of teleportation
 d - a scroll of silence
 g - 2 scrolls of enchant weapon
 k - 2 scrolls of enchant armour
 m - a scroll of fog {unknown}
 p - a scroll of immolation {unknown}
 u - a scroll of blinking {unknown}
 x - a scroll of summoning {unknown}
Potions
 f - a potion of curing
 h - a potion of lignification {unknown}
 l - a potion of brilliance
 r - a potion of cancellation {unknown}
 s - a potion of berserk rage {unknown}
 t - a potion of magic {unknown}
 z - a potion of attraction {unknown}


   Skills:
 * Level 4.1 Fighting
 + Level 2.1 Armour
 + Level 4.4 Dodging
 - Level 2.2 Stealth
 + Level 4.2 Spellcasting


You couldn't memorise any spells.
You knew the following spells:

 Your Spells              Type           Power      Damage    Failure   Level
a - Magic Dart            Conj           80%        1d7       3%          1
b - Searing Ray           Conj           40%        2d5       4%          2
c - Dazzling Flash        Conj/Hex       40%        N/A       10%         3
d - Fulminant Prism       Conj/Hex       10%        3d9       32%         4
e - Iskenderun's Mystic   Conj/Tloc      20%        2d6       32%         4
f - Sandblast             Erth           40%        2d10      3%          1
g - Ensorcelled Hibernat  Hex/Ice        40%        N/A       4%          2
h - Scorch                Fire           40%        2d7       4%          2
Your spell library was empty.

Dungeon Overview and Level Annotations

Branches:
Dungeon (4/15)             Temple (1/1) D:4

Altars:
Ashenzari
Cheibriados
Dithmenos
Elyvilon
Fedhas
Gozag
Hepliaklqana
Ru
Wu Jian
Xom
Yredelemnul
The Shining One

Shops:
D:2 :


Innate Abilities, Weirdness & Mutations

You are immune to sickness and miasma.
You are immune to poison.
Your flesh is very heat resistant. (rF++)
You are vulnerable to cold. (rC-)
You float through the air rather than walking.
You learn spells naturally, not from books.
Your magical power is your life essence.
You have superior vitality. (+4 MHP)


Message History

The orc priest calls down the wrath of Beogh upon you.
Pain shoots through your body!
Casting: Searing Ray (safe; 4% risk of failure)
Confirm with . or Enter, or press ? or * to list all spells.
Aiming: Searing Ray (safe; 4% risk of failure)
Press: ? - help, Shift-Dir - straight line, f/p - orc priest
Aim: an orc priest, wielding a +3 whip and wearing a +0 chain mail (84% to hit)
The searing ray hits the orc priest.
The orc priest is lightly wounded. (Press . to maintain the ray.)
The searing ray hits something but does no damage.
The searing ray hits something!
The searing ray hits the orc priest.
The orc priest is moderately wounded.
You finish channelling your searing ray.
You hear some strange, mumbled words.
Something tries to affect you, but you resist.
Casting: Searing Ray (safe; 4% risk of failure)
Confirm with . or Enter, or press ? or * to list all spells.
Aiming: Searing Ray (safe; 4% risk of failure)
Press: ? - help, Shift-Dir - straight line, f/p - orc priest
Aim: an orc priest, wielding a +3 whip and wearing a +0 chain mail (moderately wounded, 84% to hit)
The searing ray hits something!
Reactivating autopickup.
You feel a bit more experienced.
The searing ray misses the orc priest. (Press . to maintain the ray.)
The orc priest mumbles some strange prayers to Beogh against you.
Beogh smites you!
* * * LOW HITPOINT WARNING * * *
The searing ray hits the orc.
The orc is severely wounded.
The searing ray hits the orc priest.
The orc priest is heavily wounded.
* * * LOW HITPOINT WARNING * * *
Your magical contamination has completely faded away.
The orc attacks as you move away! The orc hits you but does no damage.
You closely miss the orc.
The orc is severely wounded.
The orc hits you but does no damage. The orc attacks as you move away!
The orc hits you with a +0 flail!
You die...

#....)......... ##
.# #######.##.##..
....# #.##.##..
###.#.# ####
#........ ...#.##
##...######.###.
#<.#.. ..
#.......# #.
#..#.###.
##.####.# #.
.####..#.##>#
##.###.# #.
.{oo.....##@#
#[....# #.
#####.##.##o##
##.##### #.
#.{)..o..## ##.###
#.
######....###....#
.. #####...###.#
##### #.# ##.##
##.#.## ##.###.##
#


You could see an orc priest and an orc.

Vanquished Creatures
  A steam dragon (D:4)
  Natasha (thrice) (D:2)
  8 orc wizards
  A gnoll (D:1)
  2 adders (D:3)
  2 worms
  2 dart slugs
  18 orcs
  5 endoplasms
  4 giant cockroaches
  8 hobgoblins
  6 kobolds
  5 quokkas
  A ball python (D:2)
  4 bats
  3 frilled lizards
  3 goblins
  2 rats
78 creatures vanquished.

Vanquished Creatures (others)
  17 fungi (D:1)
  A withered plant (D:3)
18 creatures vanquished.

Grand Total: 96 creatures vanquished

Notes
Turn   | Place    | Note
-------+----------+-------------------------------------------
     0 | D:1      | javelincjr the Djinni Conjurer began the quest for the Orb.
     0 | D:1      | javelincjr set off with the following spells memorised:
                  | Magic Dart, Searing Ray, Dazzling Flash, Fulminant Prism,
                  | Iskenderun's Mystic Blast.
     0 | D:1      | Reached XP level 1. HP: 15/15 MP: 0/0
   123 | D:1      | Reached XP level 2. HP: 18/21 MP: 0/0
   497 | D:1      | Reached XP level 3. HP: 19/25 MP: 0/0
   497 | D:1      | Learned a level 1 spell: Sandblast
  1307 | D:2      | Noticed Natasha
  1319 | D:2      | Killed Natasha
  1320 | D:2      | Reached skill level 1 in Fighting
  1320 | D:2      | Reached XP level 4. HP: 17/32 MP: 0/0
  1675 | D:2      | Noticed Natasha
  1684 | D:2      | Killed Natasha
  2032 | D:2      | Found Dude's Vocational Training.
  2116 | D:2      | Noticed Natasha
  2124 | D:2      | Killed Natasha
  2125 | D:2      | Reached XP level 5. HP: 22/38 MP: 0/0
  2125 | D:2      | Learned a level 2 spell: Ensorcelled Hibernation
  2408 | D:2      | Found a faded altar of an unknown god.
  2498 | D:2      | Found a sacrificial altar of Ru.
  2593 | D:3      | Found a basalt altar of Yredelemnul.
  3105 | D:3      | Reached skill level 1 in Armour
  3105 | D:3      | Reached XP level 6. HP: 40/45 MP: 0/0
  4091 | D:4      | Noticed a steam dragon
  4102 | D:4      | Killed a steam dragon
  4103 | D:4      | Reached XP level 7. HP: 33/52 MP: 0/0
  4103 | D:4      | Learned a level 2 spell: Scorch
  4411 | D:4      | Found a staircase to the Ecumenical Temple.
  4457 | Temple   | Entered the Ecumenical Temple
  4639 | Temple   | Became a worshipper of Hepliaklqana the Forgotten
  4838 | D:4      | Slain by an orc

Illustrated notes

Levels and vault maps discovered:
D:1:      giann_bridges, layout_loops_ring, chequers_serial_rivers_room_b,
          dreamdust_mushroom_princess, chequers_arboretum
D:2:      layout_basic, basic_altar, shapermc_ecumenical_altar_mp_vishouse,
          nicolae_shop_vocational, uniq_natasha
D:3:      layout_rooms, palyth_temple_overflow_mages, yredelemnul_altar_generic,
          minmay_diced_spiral
D:4:      layout_loops_ring, nicolae_overflow_crystal_walls, temple_green
Temple:   nicolae_temple_bog_church

Skill      XL: |  1  2  3  4  5  6 |
---------------+-------------------+-----
Stealth        | 2 |  2.2
Fighting       | 1 2 4 |  4.1
Dodging        | 3 4 |  4.4
Armour         | 1 2 |  2.1
Spellcasting   | 4 |  4.2

Action                   |  1- 3 |  4- 6 |  7- 9 || total
-------------------------+-------+-------+-------++-------
Melee: Unarmed           |    23 |       |       ||    23
       Spear             |     4 |    46 |       ||    50
       Punch             |     1 |     1 |       ||     2
       Dagger            |       |     4 |     4 ||     8
 Cast: Magic Dart        |    35 |    93 |     8 ||   136
       Searing Ray       |     2 |    13 |     3 ||    18
       Scorch            |       |       |     4 ||     4
       Ensorcelled Hiber |       |       |     2 ||     2
       Sandblast         |       |       |     2 ||     2
  Use: Scroll            |       |       |     7 ||     7
 Stab: Sleeping          |       |     1 |       ||     1
Armor: Robe              |     1 |     1 |       ||     2
       Leather armour    |       |    27 |     5 ||    32
Dodge: Dodged            |     5 |    43 |     3 ||    51
